← All builds
Air / Cortex / Economy first / OBSERVED BUILD

Standard air

Cortex Air build order · Supreme Isthmus

Economy-first air build: Aircraft Plant then Advanced Metal Extractor and Fusion Reactor, making transports and scouts for allies while transitioning into fighters and occasional bombers over the whole game.

Usually transports first (78%)

#eco #air #team support · 1496 distinct matches · 252 players · 80% of Cortex Air games · team won 46% of 1799 · Recently observed

HOW TO PLAY IT

Key timing: Aircraft Plant by 1:24

  1. Open 3 mex and wind, then drop Aircraft Plant early.
  2. Finish Aircraft Plant and start fighters for scouting and defense.
  3. Eat the Aircraft Plant once production needs outgrow it.
  4. Get Advanced Metal Extractor up to scale eco.
  5. Bring Fusion Reactor online and keep feeding transports, scouts, fighters to allies.

Phase by phase

TYPICAL OF ITS 1496 GAMES
  1. 1
  2. 2
  3. 3
PLAY THE OPENING

Follow the example game's first 6:00 step by step: what to build now, what comes next, and where it goes. At 1× it keeps pace with your own game.

  1. 1

    Up to the Aircraft Plant

    Economy
    • Metal Extractor3Mex
    • Wind Turbine4Wind
    Order
    1. Aircraft PlantAircraft Plant after 3 mex, 4 winddone ~1:26, middle half 1:14–1:35

    Some games also: energy storage (38%)

    By 1:07 in all: 3 mex · 4 wind

    The example game in this phase · 4 steps
    1. Mex ×3
    2. Wind ×4
    3. Energy storage
    4. Aircraft PlantAircraft Plantdone 1:34 · typical 1:26
  2. 2

    Aircraft Plant to 5:00

    Economy
    • Metal Extractor1Mex
    • Wind Turbine9Wind
    • Wind Turbine3Wind
    Builders
    • Construction Turret2 Con turret
    • Construction Aircraft1 Con aircraft
    Army
    • Valiant5 Valiant
    • Hercules2 Light transport for allies
    • Finch2 Finch for allies
    • Finch1 Finch
    • Hephaestus1 Heavy transport for allies

    Some games also: shuriken (49%) · energy storage (45%) · converter (44%) · light transport (40%)

    By 5:00 in all: 3 mex · 1 mex · 13 wind · 3 wind · 1 energy storage · 2 con turret

    The example game in this phase · 38 steps
    1. FinchFinchfor Beach sea
    2. ValiantValiantfor Beach sea
    3. Wind ×2
    4. FinchFinchfor Geo sea
    5. HerculesLight transportfor Geo sea
    6. Wind ×2
    7. HerculesLight transport
    8. Construction AircraftCon aircraft
    9. Con turret
    10. ValiantValiant
    11. Mex
    12. HerculesLight transportfor Tech
    13. Con turret
    14. HerculesLight transportfor Beach sea
    15. Converter
    16. Wind
    17. ValiantValiant
    18. Converter
    19. Wind
    20. ValiantValiant
    21. Converter
    22. Wind ×2
    23. ValiantValiant
    24. Converter
    25. Wind ×2
    26. Converter
    27. Wind
    28. Con turret
    29. ValiantValiant
    30. Wind
    31. ValiantValiant ×2
    32. Wind
    33. Converter
    34. Wind
    35. Converter
    36. Aircraft PlantEat Aircraft Plantreclaimed for its metal
    37. Wind
    38. Converter
  3. 3

    5:00 to 10:00

    Economy
    • Wind Turbine21Wind
    • Wind Turbine5Wind
    • Energy Converter6Converter
    Order
    1. Aircraft PlantEat Aircraft Plant
    2. Aircraft PlantAircraft Plant after 19 wind, 18 wind, 7 converterin 58% of games
    Builders
    • Construction Turret3 Con turret
    Army
    • Valiant9 Valiant

    Some games also: shuriken (48%) · fusion (38%) · con aircraft (35%) · light transport (31%)

    By 10:00 in all: 3 mex · 1 mex · 25 wind · 20 wind · 8 converter · 1 energy storage

    The example game in this phase · 374 steps
    1. Wind ×2
    2. Converter
    3. Wind
    4. Con turret
    5. Wind
    6. Converter
    7. Wind
    8. Converter
    9. Wind ×2
    10. Converter
    11. Wind
    12. Converter
    13. Wind ×2
    14. Converter
    15. Wind
    16. Converter
    17. Wind ×2
    18. Advanced Metal ExtractorT2 mexdone 6:22 · typical 6:54
    19. Wind
    20. Advanced Metal ExtractorT2 mex
    21. Wind ×2
    22. Advanced Metal ExtractorT2 mex
    23. Wind
    24. Energy storage
    25. Advanced Metal ExtractorT2 mex
    26. Bot LabBot Labdone 7:22
    27. Construction BotCon bot ×5
    28. Wind
    29. Construction BotCon bot ×2
    30. Wind ×2
    31. Construction BotCon bot ×3
    32. Wind ×2
    33. Construction BotCon bot
    34. Wind
    35. Construction BotCon bot
    36. Wind
    37. Construction BotCon bot
    38. Wind ×4
    39. Aircraft PlantAircraft Plantdone 8:31
    40. Wind ×3
    41. Bot LabEat Bot Labreclaimed for its metal
    42. Wind
    43. ValiantValiant
    44. Wind ×3
    45. ValiantValiant
    46. Wind
    47. ValiantValiant
    48. Wind
    49. ValiantValiant
    50. Con turret
    51. Wind ×4
    52. ValiantValiant
    53. Wind
    54. ValiantValiant ×2
    55. Wind ×4
    56. ValiantValiant
    57. Wind
    58. ValiantValiant
    59. Wind ×2
    60. ValiantValiant ×2
    61. Wind ×2
    62. ValiantValiant
    63. Wind ×3
    64. ValiantValiant
    65. Wind ×3
    66. ValiantValiant
    67. Wind ×2
    68. ValiantValiant
    69. Wind ×2
    70. ValiantValiant
    71. Wind ×2
    72. ValiantValiant
    73. Wind ×2
    74. ValiantValiant
    75. Wind
    76. ValiantValiant
    77. Wind ×3
    78. ValiantValiant
    79. Wind ×2
    80. ValiantValiant
    81. Wind ×2
    82. ValiantValiant
    83. Wind
    84. ValiantValiant
    85. Wind ×3
    86. ValiantValiant
    87. Wind ×3
    88. ValiantValiant
    89. Wind
    90. ValiantValiant
    91. Wind
    92. ValiantValiant
    93. Wind ×3
    94. ValiantValiant
    95. Wind ×2
    96. ShurikenShuriken
    97. Wind ×2
    98. ShurikenShuriken
    99. Wind
    100. ShurikenShuriken
    101. Wind
    102. ShurikenShuriken
    103. Wind
    104. Converter
    105. Wind
    106. Construction AircraftCon aircraft
    107. Wind ×3
    108. Construction AircraftCon aircraft
    109. Wind ×4
    110. ShurikenShuriken
    111. Wind
    112. ShurikenShuriken
    113. Converter
    114. Wind ×2
    115. ShurikenShuriken
    116. Wind ×3
    117. ValiantValiant ×2
    118. Wind ×2
    119. ValiantValiant
    120. Wind
    121. Con turret
    122. Wind ×2
    123. ValiantValiant
    124. Wind ×2
    125. Converter
    126. Wind ×2
    127. ValiantValiant
    128. Wind
    129. Con turret
    130. Wind ×2
    131. ValiantValiant
    132. Wind ×2
    133. ValiantValiant
    134. Converter
    135. Wind ×3
    136. ValiantValiant
    137. Wind
    138. Converter
    139. Wind
    140. ValiantValiant
    141. Converter
    142. Wind ×2
    143. ValiantValiant
    144. Wind ×2
    145. ValiantValiant
    146. Converter
    147. Wind ×2
    148. FinchFinch
    149. Wind ×2
    150. FinchFinch
    151. Converter
    152. FinchFinch
    153. Wind ×2
    154. FinchFinch
    155. Wind
    156. FinchFinch
    157. Wind ×3
    158. ValiantValiant
    159. Wind
    160. ValiantValiant
    161. Wind ×2
    162. Converter
    163. ValiantValiant
    164. Wind
    165. Con turret
    166. Converter
    167. Wind ×2
    168. ValiantValiant
    169. Wind ×2
    170. HerculesLight transport
    171. Wind ×2
    172. HerculesLight transport
    173. Wind ×2
    174. SAMSAM
    175. Converter
    176. Construction AircraftCon aircraft
    177. Wind ×2
    178. Converter
    179. Wind ×2
    180. FinchFinch
    181. Converter
    182. Wind ×2
    183. ValiantValiant ×2
    184. Wind ×4
    185. ValiantValiant
    186. Converter ×2
    187. Wind
    188. Converter
    189. Wind
    190. ValiantValiant
    191. Wind
    192. ValiantValiant
    193. Wind
    194. Converter
    195. ValiantValiant
    196. Wind ×3
    197. ValiantValiant
    198. Wind ×2
    199. ValiantValiant
    200. Wind ×2
    201. Converter
    202. Wind
    203. ValiantValiant
    204. Converter
    205. Wind
    206. ValiantValiant
    207. Wind ×4
    208. ValiantValiant
    209. Converter
    210. Wind
    211. ValiantValiant
    212. Converter
    213. Wind ×2
    214. ValiantValiant
    215. Wind
    216. ValiantValiant
    217. Wind
    218. Converter
    219. Wind ×2
    220. ValiantValiant
    221. Wind ×2
    222. Converter
    223. ValiantValiant
    224. Wind
    225. ValiantValiant
    226. Wind ×2
    227. ValiantValiant
    228. Converter
    229. Wind
    230. Converter
    231. Wind
    232. ValiantValiant
    233. Wind ×3
    234. ValiantValiant
    235. Converter
    236. Wind ×2
    237. ValiantValiant ×2
    238. Wind ×2
    239. Converter
    240. Wind ×2
    241. ValiantValiant
    242. Converter
    243. Wind ×2
    244. ValiantValiant
    245. Wind
    246. Converter
    247. Wind
    248. ShurikenShuriken
    249. Wind
    250. Converter
    251. ShurikenShuriken
    252. Wind ×2
    253. ShurikenShuriken
    254. Wind
    255. Converter
    256. Wind ×2
    257. ShurikenShuriken
    258. Converter
    259. ShurikenShuriken
    260. Wind
    261. Construction AircraftCon aircraft
    262. Converter
    263. Wind ×2
    264. ShurikenShuriken
    265. Wind ×2
    266. ShurikenShuriken
    267. Wind ×3
    268. ShurikenShuriken
    269. Converter
    270. ShurikenShuriken
    271. Converter
    272. ValiantValiant
    273. Wind ×2
    274. ValiantValiant
    275. Wind
    276. Con turret
    277. Wind
    278. Converter
    279. ValiantValiant
    280. Wind ×4
    281. ValiantValiant ×2
    282. Wind ×3
    283. Converter
    284. ValiantValiant
    285. Con turret
    286. Wind ×5
    287. ValiantValiant
    288. Converter
    289. Con turret
    290. Wind
    291. ValiantValiant
    292. Wind ×4
    293. ValiantValiant
    294. Wind
    295. ValiantValiant
    296. Wind
    297. Converter
    298. Wind
    299. Mex
    300. Wind
    301. ValiantValiant
    302. Wind ×2
    303. ValiantValiant
    304. Converter
    305. Wind ×2
    306. ValiantValiant
    307. Wind
    308. ValiantValiant
    309. Wind ×4
    310. Converter ×3
    311. ValiantValiant
    312. Wind
    313. ValiantValiant
    314. Wind ×3
    315. ValiantValiant
    316. Wind
    317. ValiantValiant
    318. Wind ×3
    319. Converter
    320. ValiantValiant
    321. Converter
    322. Wind ×2
    323. ValiantValiant
    324. Wind ×2
    325. ValiantValiant
    326. Wind ×2
    327. Converter
    328. Wind
    329. ValiantValiant
    330. Wind
    331. ValiantValiant
    332. Wind
    333. Mex
    334. ValiantValiant
    335. Wind ×2
    336. Converter
    337. Wind
    338. ValiantValiant
    339. Wind
    340. ValiantValiant
    341. Wind
    342. Converter
    343. Wind
    344. ValiantValiant
    345. Wind
    346. ValiantValiant
    347. Wind ×2
    348. ValiantValiant
    349. Wind
    350. Converter
    351. Wind ×2
    352. ValiantValiant
    353. Wind
    354. ValiantValiant
    355. Wind ×3
    356. ValiantValiant
    357. Wind ×3
    358. ValiantValiant
    359. Converter ×3
    360. ValiantValiant
    361. Wind ×4
    362. ValiantValiant
    363. Wind
    364. ValiantValiant
    365. Wind ×2
    366. Con turret
    367. Wind
    368. ValiantValiant
    369. Wind
    370. Radar TowerRadar Tower
    371. Wind
    372. Converter
    373. Wind
    374. Con turret

Counts are medians over the build's games: half of them build more, half fewer. The example game is mobius1's (31 OS, 27/08/2026); pick another.

Team trades

IN AT LEAST 30% OF ITS GAMES

You hand over

  • Finch2 Finch to Geo sea or Beach seafirst at 1:51 · in 96% of games
  • Hercules3 Light transport to Tech or Geo sea or Beach seafirst at 2:06 · in 99% of games
  • Hephaestus1 Heavy transport to Beach sea or Pond or Techfirst at 2:23 · in 72% of games

You get

  • Wind Turbine3 Wind from Beach sea or Geo seafirst at 1:37 · in 64% of games
  • Wind Turbine3 Wind from Beach sea or Geo sea or Pondfirst at 1:42 · in 46% of games
  • Construction Bot1 Con bot from Techfirst at 2:23 · in 88% of games
  • Advanced Construction Bot1 T2 con bot from Techfirst at 6:05 · in 96% of games

How it plays out

Typical game of this build, running totals by minute

Metal produced

010k20k30k
0:005:0010:0015:00

metal

Enemy metal destroyed

01k2k
0:005:0010:0015:00

metal

Own metal lost

01k2k3k
0:005:0010:0015:00

metal

1799 games.

Show as table
ByMetal produced: This buildEnemy metal destroyed: This buildOwn metal lost: This build
1:0039200
2:0092300
3:00145600
4:002052051
5:0027635173
6:003705102124
7:005088146167
8:006898190219
9:009278232270
10:0011753292384
11:0014351373538
12:0017061513781
13:00198507811102
14:002270012641689
15:002570818042405
WHAT THE NUMBERS SAY

Standard air play wins less than half its games, with very low combat losses and kills since the role mostly supports rather than fights.

  • + Own metal lost stays very low, only 2701 by 15:00.
  • + Metal production reaches 25740 by 15:00, a strong support economy.
  • − Team wins under half of games (47%).
  • − Enemy metal destroyed stays low at 2097 by 15:00, showing little direct impact.
THE EXAMPLE YOU ARE READING

mobius1

31.3 OS · 27/08/2026

Open source match ↗

6 received units · includes a constructor
98 metal received · 46845 energy received

Allied construction assistance is unknown. Timings are observations, not a promise of solo reproducibility.

Typical milestones

Aircraft Plant1:26Middle 50%: 1:14–1:35 · n=1799
Advanced Metal Extractor6:54Middle 50%: 6:27–7:26 · n=1740
Fusion Reactor10:53Middle 50%: 9:47–12:18 · n=1151

Played most by

TheGeneraI114games of this buildDad_The_Speedrunner72games of this buildHunfore62games of this buildMilkdragon51games of this buildAdeus50games of this build
Standard air · Cortex Air build order · BAR Build Atlas